 Dungeon Crawl Stone Soup version 0.31-a0-1074-g0b22e4e0f1 (webtiles) character file.

Game seed: 5539195937505311724

64 grandjackal the Magician (level 4, 0/31 HPs)
             Began as a Human Hedge Wizard on Nov 30, 2023.
             Slain by a hound (1 damage)
             ... on level 3 of the Dungeon.
             The game lasted 00:04:06 (2416 turns).

grandjackal the Magician (Human Hedge Wizard)       Turns: 2416, Time: 00:04:06

Health: 0/31       AC:  2    Str: 10    XL:     4   Next: 32%
Magic:  0/9        EV: 12    Int: 16    God:
Gold:   96         SH:  0    Dex: 13    Spells: 3/9 levels left

rFire   . . .        a - +0 dagger
rCold   . . .        (no shield)
rNeg    . . .        b - +0 robe
rPois   .            c - +0 hat
rElec   .            (no cloak)
rCorr   .            (no gloves)
SInv    +            (no boots)
Will    .....        (no amulet)
Stlth   ++           n - ring of see invisible
HPRegen 0.25/turn    (no ring)
MPRegen 0.11/turn

%: no passive effects
@: no status effects
A: no striking features
a: no special abilities


You were on level 3 of the Dungeon.
You visited 1 branch of the dungeon, and saw 3 of its levels.

You collected 96 gold pieces.

Inventory:

Hand Weapons
 a - a +0 dagger (weapon)
Armour
 b - a +0 robe (worn)
 c - a +0 hat (worn)
Jewellery
 n - a ring of see invisible (left hand)
Wands
 r - a wand of flame (23)
Scrolls
 e - 2 scrolls of identify {unknown}
 i - 3 scrolls of amnesia {unknown}
 j - a scroll of teleportation {unknown}
 l - a scroll of fog {unknown}
 m - 2 scrolls of noise {unknown}
 o - a scroll of torment {unknown}
 s - a scroll of summoning {unknown}
Potions
 d - a potion of magic
 f - a potion of invisibility {unknown}
 g - a potion of degeneration {unknown}
 h - a potion of curing {unknown}
 k - a potion of enlightenment {unknown}
 p - a potion of haste {unknown}
 q - a potion of brilliance {unknown}


   Skills:
 + Level 0.9 Fighting
 - Level 2.2 Dodging
 - Level 2.3 Stealth
 + Level 3.3 Spellcasting
 + Level 1.8 Conjurations
 - Level 1.4 Summonings
 + Level 1.9 Translocations


You had 3 spell levels left.
You knew the following spells:

 Your Spells              Type           Power      Damage    Failure   Level
a - Magic Dart            Conj           32%        1d4       9%          1
b - Blink                 Tloc           16%        N/A       13%         2
c - Mephitic Cloud        Conj/Pois/Air  4%         N/A       38%         3

Your spell library contained the following spells:

 Spells                   Type           Power      Damage    Failure   Level
 Call Imp                 Summ           14%        N/A       16%         2
 Slow                     Hex            8%         N/A       19%         1
 Cigotuvi's Dreadful Rot  Necr/Pois/Air  4%         N/A       26%         2


Dungeon Overview and Level Annotations

Branches:
Dungeon (3/15)

Altars:


Message History

You miss the hound.
The hound is severely wounded.
The hound closely misses you. x2
You hit the hound but do no damage.
The hound is severely wounded.
The hound closely misses you.
You closely miss the hound.
The hound is heavily wounded.
The hound closely misses you. The hound barely misses you.
You barely miss the hound.
The hound is heavily wounded.
The hound closely misses you.
You hit the hound but do no damage. Your punch misses the hound.
The hound is heavily wounded.
The hound bites you.
* * * LOW HITPOINT WARNING * * *
The hound misses you.
You hit the hound but do no damage.
The hound is heavily wounded.
The hound barely misses you.
You hit the hound.
The hound is severely wounded.
The hound bites you.
* * * LOW HITPOINT WARNING * * *
The hound closely misses you.
You hit the hound.
The hound is almost dead.
The hound barely misses you.
Casting: Magic Dart (safe; 9% risk of failure)
Confirm with . or Enter, or press ? or * to list all spells.
Aiming: Magic Dart (safe; 9% risk of failure)
Press: ? - help, Shift-Dir - straight line, f/p - hound
Aim: a hound (almost dead, 100% to hit)
The magic dart hits the hound.
The hound is almost dead.
The hound bites you.
* * * LOW HITPOINT WARNING * * *
The hound stops to sniff the ground.
The hound bites you.
You die...

###+##############
................@#
.........#######h#
...........# ...$
..........##
...#...
.........##
#....###..
......#.## ##.#. .
.....#### ## #.
..#.## # .####


You could see a hound.

Vanquished Creatures
  An adder (D:2)
  A worm (D:2)
  A dart slug (D:1)
  An orc (D:3)
  4 ball pythons (D:1)
  7 endoplasms
  2 giant cockroaches
  5 goblins
  2 hobgoblins
  5 kobolds
  A quokka (D:2)
  11 bats
  3 frilled lizards
  4 rats
48 creatures vanquished.

Notes
Turn   | Place    | Note
-------+----------+-------------------------------------------
     0 | D:1      | grandjackal the Human Hedge Wizard began the quest for the
                  | Orb.
     0 | D:1      | Reached XP level 1. HP: 13/13 MP: 4/4
   195 | D:1      | Reached XP level 2. HP: 19/19 MP: 3/6
   256 | D:1      | Learned a level 2 spell: Blink
   553 | D:1      | Reached XP level 3. HP: 24/24 MP: 0/7
  1083 | D:2      | Identified the +8 chain mail of Xobboh {rC++ Will+ MP+9
                  | Slay-6}
  1424 | D:2      | Learned a level 3 spell: Mephitic Cloud
  1506 | D:2      | Reached XP level 4. HP: 26/31 MP: 2/8
  1692 | D:2      | Found a faded altar of an unknown god.
  2416 | D:3      | HP: 1/31 [hound (2)]
  2416 | D:3      | Slain by a hound

Illustrated notes

Levels and vault maps discovered:
D:1:      eino_arrival_druids_welcome, layout_rooms
D:2:      layout_loops_cross, shapermc_ecumenical_altar_notcrosses
D:3:      layout_basic, corexii_item_surrounded_by_moat,
          nicolae_figureground_pulse

Action                     |  1- 3 |  4- 6 || total
---------------------------+-------+-------++-------
  Melee: Dagger            |    37 |    18 ||    55
   Cast: Magic Dart        |    79 |    50 ||   129
         Mephitic Cloud    |     1 |       ||     1
   Stab: Confused          |     1 |       ||     1
         Sleeping          |     1 |       ||     1
 Armour: Robe              |    24 |    20 ||    44
  Dodge: Dodged            |    27 |    30 ||    57

Table legend: (Time is in decaauts)
 A = Elapsed time spent in this place.
 B = Non-inter-level travel time spent in this place.
 C = Inter-level travel time spent in this place.
 D = Time resting spent in this place.
 E = Time spent auto-exploring this place.
 F = Levels seen in this place.
 G = Mean time per level.
                   A        B        C        D        E       F      G
               +--------+--------+--------+--------+--------+-----+--------+
         Total |   2418 |   2363 |     55 |    578 |   1361 |   3 |  806.0 |
       Dungeon |   2418 |   2363 |     55 |    578 |   1361 |   3 |  806.0 |
               +--------+--------+--------+--------+--------+-----+--------+

Top non-repeatable levels by time:
     D:2: 1014 daAuts
     D:1: 940 daAuts
     D:3: 463 daAuts
